 Dungeon Crawl Stone Soup version 0.29-a0-1009-g60c99734e7 (webtiles) character file.

Game seed: 2583684026076906685

18 flotson the Sneak (level 2, 0/24 HPs)
             Began as a Demonspawn Delver on Aug 9, 2022.
             Succumbed to an adder's poison
             ... on level 5 of the Dungeon.
             The game lasted 00:01:01 (113 turns).

flotson the Sneak (Demonspawn Delver)                Turns: 113, Time: 00:01:02

Health: 0/24       AC:  4    Str: 12    XL:     2   Next: 48%
Magic:  2/2        EV: 12    Int: 11    God:
Gold:   4          SH:  0    Dex: 14    Spells: 1/1 levels left

rFire   . . .      SeeInvis .   a - +0 spear
rCold   + . .      Faith    .   (no shield)
rNeg    . . .      Spirit   .   h - +0 leather armour {rC+}
rPois   .          Reflect  .   (no helmet)
rElec   .          Harm     .   (no cloak)
rCorr   .          Rampage  .   (no gloves)
Will    .....                   (no boots)
Stlth   ++........              (no amulet)
HPRegen 0.08/turn               (no ring)
MPRegen 0.08/turn               (no ring)

@: lethally poisoned (0 -> -1)
A: sharp scales 1
a: no special abilities


You were on level 5 of the Dungeon.
You visited 1 branch of the dungeon, and saw 1 of its levels.

You collected 4 gold pieces.

Inventory:

Hand Weapons
 a - a +0 spear (weapon)
Armour
 h - a +0 leather armour of cold resistance (worn)
Wands
 g - a wand of digging (3)
Scrolls
 c - a scroll of fog
 d - a scroll of magic mapping
 e - a scroll of fear


   Skills:
 + Level 3.2 Fighting
 - Level 1.7 Polearms
 + Level 0.8 Armour
 + Level 2.1 Dodging
 - Level 4.5 Stealth
 + Level 0.9 Evocations


You had one spell level left.
You didn't know any spells.
Your spell library was empty.

Dungeon Overview and Level Annotations

Branches:
Dungeon (5/15)
 Temple: D:4-7

Altars:

Shops:
D:5 ?=*


Innate Abilities, Weirdness & Mutations

You are partially covered in razor-sharp scales. (AC +1, Slay +1)


Message History

You feel sick. The adder bites you.
You hit the adder.
The adder is almost dead.
You feel sick.
The adder bites you but does no damage. x2
You hit the adder.
The adder is almost dead.
You feel sick. The adder bites you.
You are more poisoned.
The adder poisons you!
You hit the adder but do no damage.
The adder is almost dead.
You feel sick. The adder bites you.
You are too injured to fight recklessly!
You are too injured to fight recklessly!
You are too injured to fight recklessly!
You are too injured to fight recklessly!
You are too injured to fight recklessly!
You are too injured to fight recklessly!
You barely miss the adder.
The adder is almost dead.
You feel sick. The adder bites you but does no damage. The adder bites you.
* * * LOW HITPOINT WARNING * * *
You miss the adder.
The adder is almost dead.
* * * LOW HITPOINT WARNING * * *
You feel sick. The adder closely misses you.
You aren't carrying any potions.
Unknown command.
You aren't carrying any potions.
You hit the adder.
You kill the adder!
* * * LOW HITPOINT WARNING * * *
You feel sick.
There is a lethal amount of poison in your body!
Okay, then.
* * * LOW HITPOINT WARNING * * *
You feel sick.
* * * LOW HITPOINT WARNING * * *
You feel sick.
You die...

##.# #..# #.#
#... #+ #.# #.##
#. #.# #.##
###.### #.# #...
#.....# #.# ####
#.....# #.#
#.....########.#
#.......@......#
#.....##########
.........#
###.....##
#.....# ###.###
#. #. #.


There were no monsters in sight!

Vanquished Creatures
  2 adders (D:5)
2 creatures vanquished.

Notes
Turn   | Place    | Note
-------+----------+-------------------------------------------
     0 | D:5      | flotson the Demonspawn Delver began the quest for the Orb.
     0 | D:5      | Reached XP level 1. HP: 18/18 MP: 1/1
    21 | D:5      | Found Faphergh's Jewellery Emporium.
    25 | D:5      | Found Zemut's Assorted Antiques.
    34 | D:5      | Noticed an ogre
    62 | D:5      | Gained mutation: You are partially covered in razor-sharp
                  | scales. (AC +1, Slay +1) [demonic ancestry]
    62 | D:5      | Reached XP level 2. HP: 24/24 MP: 2/2
    68 | D:5      | Found Hialisch's Magic Scroll Boutique.
   112 | D:5      | HP: 1/24 [poisoned by an adder]
   113 | D:5      | Succumbed to an adder's poison

Illustrated notes

Levels and vault maps discovered:
D:5:      layout_loops_corners, hangedman_ru_absence, serial_shops,
          nicolae_shop_waterfront, nicolae_shop_bloodbath_and_beyond,
          nicolae_shop_behind_doors, shop_statue, nicolae_shop_statue_plus

Skill      XL: |  1 |
---------------+----+-----
Dodging        | 2 |  2.1
Fighting       | |  3.2
Polearms       | |  1.7
Armour         | |  0.8
Stealth        | |  4.5
Evocations     | |  0.9

Action                   || total
-------------------------++-------
Melee: Spear             ||    11
  Use: Potion            ||     1
 Stab: Sleeping          ||     1
Armor: Leather armour    ||     3
Dodge: Dodged            ||     2

Table legend: (Time is in decaauts)
 A = Elapsed time spent in this place.
 B = Non-inter-level travel time spent in this place.
 C = Inter-level travel time spent in this place.
 D = Time resting spent in this place.
 E = Time spent auto-exploring this place.
 F = Levels seen in this place.
 G = Mean time per level.
                   A        B        C        D        E       F      G
               +--------+--------+--------+--------+--------+-----+--------+
         Total |     98 |     98 |      0 |      0 |     40 |   1 |   98.0 |
       Dungeon |     98 |     98 |      0 |      0 |     40 |   1 |   98.0 |
               +--------+--------+--------+--------+--------+-----+--------+

Top non-repeatable levels by time:
     D:5: 98 daAuts
